 Dungeon Crawl Stone Soup version 0.29-a0-330-g52719c12eb (webtiles) character file.

Game seed: 3591645064916736519

1405 Miritol the Covered (level 8, -15/44 HPs)
             Began as a Tengu Hunter on May 9, 2022.
             Killed from afar by Maggie (27 damage)
             ... with a bolt of fire
             ... on level 6 of the Dungeon.
             The game lasted 00:06:49 (3764 turns).

Miritol the Covered (Tengu Hunter)                  Turns: 3764, Time: 00:06:51

Health: -15/44     AC:  8    Str: 14    XL:     8   Next: 70%
Magic:  9/9        EV: 13    Int:  9    God:
Gold:   211        SH:  0    Dex: 18    Spells: 7/7 levels left

rFire   . . .      SeeInvis .   g - +8 battleaxe "Ejur" {distort, rElec}
rCold   + . .      Faith    .   (shield currently unavailable)
rNeg    . . .      Spirit   .   v - +0 ring mail
rPois   .          Reflect  .   (helmet restricted)
rElec   +          Harm     .   h - +0 cloak
rCorr   .          Rampage  .   (no gloves)
Will    .....                   (boots unavailable)
Stlth   +.........              (no amulet)
HPRegen 0.14/turn               D - ring of protection from cold
MPRegen 0.11/turn               (no ring)

@: flying quickly and evasively, mesmerised, quick
A: beak, talons 3, nimble flight
a: no special abilities


You were on level 6 of the Dungeon.
You visited 1 branch of the dungeon, and saw 6 of its levels.

You collected 211 gold pieces.

Inventory:

Hand Weapons
 a - a +1 hand crossbow
 g - the +8 battleaxe "Ejur" (weapon) {distort, rElec}
   (You found it on level 2 of the Dungeon)

   It warps and distorts space around it, and may blink, banish, or inflict
   extra damage upon those it strikes.
   Unwielding it can cause banishment or high damage.
   rElec:     It insulates you from electricity.
Missiles
 k - 2 atropa-tipped darts
 s - 2 poisoned darts (quivered)
 C - 4 curare-tipped darts
Armour
 h - a +0 cloak (worn)
 v - a +0 ring mail (worn)
Jewellery
 D - a ring of protection from cold (left hand)
Wands
 i - a wand of acid (4)
 u - a wand of polymorph (4)
 A - a wand of iceblast (8)
Scrolls
 b - a scroll of enchant weapon
 c - a scroll of immolation
 e - a scroll of magic mapping
 j - a scroll of fog {unknown}
 l - a scroll of brand weapon {unknown}
 o - a scroll of blinking {unknown}
 q - a scroll of enchant armour {unknown}
 r - a scroll of amnesia {unknown}
 x - a scroll of silence {unknown}
 y - a scroll of fear {unknown}
 z - 2 scrolls of teleportation
 B - a scroll of acquirement {unknown}
 E - a scroll of torment {unknown}
Potions
 d - a potion of curing
 f - a potion of heal wounds
 m - a potion of cancellation
 p - a potion of brilliance
 w - a potion of magic


   Skills:
 - Level 2.0 Fighting
 + Level 7.8 Axes
 - Level 4.6 Crossbows
 + Level 7.9 Armour
 - Level 2.1 Dodging
 - Level 1.0 Stealth


You had 7 spell levels left.
You didn't know any spells.
Your spell library contained the following spells:

 Spells                   Type           Power      Damage    Failure   Level
 Call Canine Familiar     Summ           0%         N/A       92%         3
 Portal Projectile        Hex/Tloc       0%         N/A       92%         3
 Leda's Liquefaction      Hex/Erth       0%         N/A       100%        4


Dungeon Overview and Level Annotations

Branches:
Dungeon (6/15)
 Temple: D:4-7

Altars:

Annotations:
D:6 Maggie


Innate Abilities, Weirdness & Mutations

You have a beak for a mouth.
You have claws for feet.
Your magical nature lets you fly swiftly and evasively.


Message History

You kill the white imp!
You hit the orc.
The orc blinks!
You slash the orc!
You kill the orc!
You slash the orc!
You kill the orc!
You slash Maggie!
Space warps around Maggie.
You hit the orc priest.
Space warps horribly around the orc priest!!
You kill the orc priest!
Maggie hits you with a +0 morningstar of flaming!
Maggie burns you. The bullfrog misses you.
Maggie gestures wildly while chanting.
Maggie attempts to bespell you!
You are mesmerised by Maggie!
The orc closely misses you.
You slash Maggie!
Space warps around Maggie.
Your kick misses Maggie.
Maggie is heavily wounded.
You hit the orc.
Space warps horribly around the orc!!
You kill the orc!
You closely miss the bullfrog.
The bullfrog hits you but does no damage.
Maggie hits you with a +0 morningstar of flaming!
Maggie burns you.
* * * LOW HITPOINT WARNING * * *
The bullfrog misses you.
You are too injured to fight recklessly!
You are too injured to fight recklessly!
You hit Maggie. Your kick misses Maggie. You peck Maggie.
Maggie is severely wounded.
You slash the bullfrog!
Space warps around the bullfrog.
Maggie blinks!
The bullfrog closely misses you.
The bullfrog hits you but does no damage.
You cannot move away from Maggie!
You hit the bullfrog.
Space warps horribly around the bullfrog!
You kill the bullfrog!
Maggie casts a spell at you. The bolt of fire hits you!!
Ouch! That really hurt!
You die...

## ##..######
#........##
#......@..#
......))....#
.........@..#
#...........#
##..........#
#...........#
##.#........#
####.)....##


You could see Maggie (mesmerising).

Vanquished Creatures
  Grinder (D:5)
  Menkaure (D:5)
  A sky beast (D:5)
  An ogre (D:5)
  A phantom (D:5)
  A bullfrog (D:6)
  4 scorpions
  3 orc priests
  A gnoll shaman (D:5)
  2 hounds
  Ijyb (D:3)
  4 gnolls (D:5)
  2 adders
  A shadow imp (D:5)
  A white imp (D:6)
  3 worms
  3 dart slugs
  15 orcs
  5 endoplasms
  2 giant cockroaches (D:2)
  3 goblins
  4 hobgoblins
  2 quokkas
  6 ball pythons
  4 bats
  A frilled lizard (D:3)
  3 kobolds
  4 rats
80 creatures vanquished.

Notes
Turn   | Place    | Note
-------+----------+-------------------------------------------
     0 | D:1      | Miritol the Tengu Hunter began the quest for the Orb.
     0 | D:1      | Reached XP level 1. HP: 12/12 MP: 2/2
   247 | D:1      | You fall into a shaft and drop 1 floor!
   249 | D:2      | Reached skill level 1 in Armour
   265 | D:2      | Reached XP level 2. HP: 17/17 MP: 3/3
   270 | D:2      | Identified the +8 battleaxe "Ejur" {distort, rElec}
   285 | D:2      | Reached skill level 1 in Axes
   393 | D:2      | Reached XP level 3. HP: 19/21 MP: 4/4
   683 | D:3      | Reached XP level 4. HP: 24/26 MP: 5/5
   744 | D:3      | Noticed a scorpion
   754 | D:3      | Killed a scorpion
   755 | D:3      | Gained mutation: Your magical nature lets you fly swiftly
                  | and evasively. [Tengu growth]
   755 | D:3      | Reached XP level 5. HP: 17/30 MP: 6/6
  1269 | D:3      | Noticed Ijyb
  1271 | D:3      | Killed Ijyb
  1468 | D:3      | Reached XP level 6. HP: 35/35 MP: 7/7
  2426 | D:5      | Entered Level 5 of the Dungeon
  2465 | D:5      | Noticed an ice beast
  2468 | D:5      | Banished an ice beast
  2469 | D:5      | Reached skill level 5 in Axes
  2469 | D:5      | Reached skill level 5 in Armour
  2469 | D:5      | Reached XP level 7. HP: 40/40 MP: 8/8
  2642 | D:5      | Noticed Grinder
  2659 | D:5      | HP: 1/40 [Grinder (4)]
  2662 | D:5      | Killed Grinder
  2663 | D:5      | Reached XP level 8. HP: 8/44 MP: 9/9
  3044 | D:5      | Noticed Menkaure
  3411 | D:5      | Killed Menkaure
  3412 | D:5      | Identified the +9 dagger of Raketoutu {drain, Dex+3}
  3756 | D:6      | Noticed Maggie
  3764 | D:6      | Killed from afar by Maggie

Illustrated notes

Levels and vault maps discovered:
D:1:      dpeg_arrival_connections, layout_loops_ring,
          ebering_ecumenical_altar_abandoned
D:2:      layout_rooms, kennysheep_generic_room_5
D:3:      layout_basic, uniq_ijyb
D:4:      layout_cave_pools, hangedman_decor_points
D:5:      layout_loops_corners, uniq_grinder, uniq_menkaure
D:6:      layout_rooms, minmay_fractal_squares_gapless_5, uniq_maggie

Skill      XL: |  1  2  3  4  5  6  7  8 |
---------------+-------------------------+-----
Armour         | 1 2 3 4 5 6 7 |  7.9
Axes           | 1 2 3 4 5 6 7 |  7.8
Fighting       | |  2.0
Crossbows      | |  4.6
Dodging        | |  2.1
Stealth        | |  1.0

Action                   |  1- 3 |  4- 6 |  7- 9 || total
-------------------------+-------+-------+-------++-------
Melee: Battleaxe         |    24 |    49 |    43 ||   116
       Kick              |     1 |     4 |    12 ||    17
       Peck              |     1 |     3 |     3 ||     7
 Fire: Hand crossbow     |    13 |       |       ||    13
  Use: Potion            |       |       |     3 ||     3
       Scroll            |       |       |     8 ||     8
 Stab: Sleeping          |     1 |       |       ||     1
Armor: Leather armour    |     8 |     1 |       ||     9
       Ring mail         |       |    10 |    10 ||    20
Dodge: Dodged            |    17 |    32 |    29 ||    78

Table legend: (Time is in decaauts)
 A = Elapsed time spent in this place.
 B = Non-inter-level travel time spent in this place.
 C = Inter-level travel time spent in this place.
 D = Time resting spent in this place.
 E = Time spent auto-exploring this place.
 F = Levels seen in this place.
 G = Mean time per level.
                   A        B        C        D        E       F      G
               +--------+--------+--------+--------+--------+-----+--------+
         Total |   3634 |   3549 |     85 |    425 |   2546 |   6 |  605.7 |
       Dungeon |   3634 |   3549 |     85 |    425 |   2546 |   6 |  605.7 |
               +--------+--------+--------+--------+--------+-----+--------+

Top non-repeatable levels by time:
     D:3: 1201 daAuts
     D:5: 1093 daAuts
     D:4: 636 daAuts
     D:2: 442 daAuts
     D:1: 250 daAuts
     D:6: 9 daAuts
